Map: Dusty Gorge

Players

llllllllllll - Winner!

  • Race: Zerg Zerg
  • Spawn Location: 3:00

PureLegacy - Winner!

  • Race: Terran Terran
  • Spawn Location: 5:00

JING

  • Race: Terran Terran
  • Spawn Location: 11:00

Darling

  • Race: Zerg Zerg
  • Spawn Location: 9:00

VOD

Have the link to the VOD?

Description

Time

  • Played on: Nov. 21, 2018, 7:43 a.m.
  • Length: 4:26
Show
View Real Time Build Order
Export as new Build Order

llllllllllll Zerg - Winner!

Build Orders: Hatch First 

Get SALT Encoding   

  12  0:01  Drone  
  13  0:11  Drone  
  14  0:19  Extractor  
  14  0:20  Extractor  
  12  0:25  Drone x2  
  16  0:29  Overlord  
  16  0:54  Drone  
  16  0:56  Hatchery  
  16  0:59  Extractor  
  15  1:04  Drone  
  15  1:05  Drone  
  17  1:20  Spawning Pool  
  16  1:29  Drone x2  
  18  1:47  Drone x2  
  20  2:11  Zergling x2  
  20  2:12  Zergling x4, Queen x2  
  27  2:15  Metabolic Boost  
  27  2:27  Zergling x2  
  27  2:28  Overlord  
  28  2:44  Overlord  
  28  2:46  Zergling x4  
  28  2:47  Zergling x4  
  32  3:02  Drone  
  32  3:05  Zergling x4  
  35  3:25  Zergling x2  
  35  3:26  Zergling x6  
  39  3:45  Zergling x6  
  39  3:46  Zergling x4  
  40  3:56  Zergling x2  
  40  3:57  Zergling x4  
  39  4:09  Zergling x12  
Show
View Real Time Build Order
Export as new Build Order

PureLegacy Terran - Winner!

Build Orders:  

Get SALT Encoding   

  12  0:01  SCV  
  13  0:13  SCV  
  14  0:18  Supply Depot  
  14  0:25  SCV  
  15  0:30  Refinery  
  15  0:40  SCV  
  16  0:46  Barracks  
  16  0:52  SCV  
  17  1:03  Barracks  
  17  1:18  Barracks  
  17  1:21  SCV  
  18  1:33  Reaper  
  19  1:40  Orbital Command  
  19  1:49  Refinery  
  19  1:51  Reaper  
  20  2:04  Supply Depot  
  20  2:05  Reaper  
  21  2:10  Reaper  
  22  2:22  SCV  
  23  2:28  Reaper  
  24  2:30  Supply Depot  
  24  2:39  Reaper  
  24  2:40  SCV  
  24  2:43  Reaper  
  27  3:00  Reaper  
  28  3:11  Reaper  
  29  3:15  Command Center  
  29  3:18  Reaper  
  30  3:25  SCV  
  31  3:32  Reaper  
  32  3:38  SCV  
  33  3:43  Reaper  
  34  3:53  Reaper  
  33  4:03  SCV  
  33  4:06  Barracks  
  33  4:08  Barracks  
  35  4:19  Supply Depot  
Show
View Real Time Build Order
Export as new Build Order

JING Terran 

Build Orders: Reaper Expand 

Get SALT Encoding   

  12  0:02  SCV  
  13  0:14  SCV  
  14  0:19  Supply Depot  
  14  0:26  SCV  
  15  0:41  SCV  
  16  0:48  Barracks  
  16  0:52  Refinery  
  16  0:58  SCV  
  17  1:10  SCV  
  18  1:28  SCV  
  19  1:38  Reaper  
  20  1:40  Orbital Command  
  20  1:46  Command Center  
  20  2:05  Barracks  
  20  2:08  SCV  
  21  2:10  Marine  
  21  2:11  Refinery  
  22  2:21  Factory  
  22  2:26  SCV  
  23  2:35  Barracks Reactor, Supply Depot  
  23  2:43  SCV  
  23  2:55  Barracks Tech Lab  
  23  2:58  SCV  
  22  3:04  SCV  
  18  3:19  Marine x2  
  16  3:21  Marauder  
  6  3:37  Marine  
  6  3:43  Marauder  
  8  3:49  Marine  
  8  4:04  Marauder  
  8  4:06  Marine  
Show
View Real Time Build Order
Export as new Build Order

Darling Zerg 

Build Orders: Hatch First 

Get SALT Encoding   

  12  0:06  Drone  
  13  0:14  Overlord  
  13  0:19  Drone  
  14  0:34  Drone x2  
  16  0:39  Drone  
  17  0:58  Hatchery  
  17  0:59  Drone  
  17  1:03  Drone  
  18  1:13  Extractor  
  17  1:18  Spawning Pool  
  17  1:21  Drone  
  17  1:25  Drone  
  18  1:32  Drone  
  19  1:44  Drone  
  20  2:04  Drone  
  20  2:05  Zergling x2  
  22  2:09  Queen  
  22  2:10  Queen  
  22  2:12  Drone  
  27  2:15  Overlord  
  27  2:16  Metabolic Boost  
  27  2:27  Drone  
  28  2:38  Roach Warren  
  28  2:39  Drone x3  
  30  2:52  Drone  
  30  2:53  Overlord  
  31  3:02  Drone  
  31  3:03  Overlord  
  32  3:25  Roach  
  32  3:26  Roach x8  
  52  3:41  Roach  
  51  3:52  Zergling x2  
  51  3:54  Roach  
  51  3:55  Roach  
  46  4:03  Zergling x2  
  46  4:07  Roach  
Tags
 
Add a new tag
Caveats
  • Supply blocks, unpowered buildings, or Contaminate may cause inaccurate times.
  • Supply counts are checked every 10 seconds.